Map: Laberinto EJ

Players

VortiX - Winner!

  • Race: Zerg Zerg
  • Spawn Location: 7:00

PtitDrogo

  • Race: Protoss Protoss
  • Spawn Location: 1:00

Event: WCS Valencia 2018

VOD

Have the link to the VOD?

Description

Time

  • Played on: July 12, 2018, 9:31 a.m.
  • Length: 12:35

All games in this series

Show
View Real Time Build Order
Export as new Build Order

VortiX Zerg - Winner!

Build Orders: Hatch First, Roach Hydra 

Get SALT Encoding   

  12  0:00  Drone  
  13  0:17  Drone  
  14  0:30  Overlord  
  14  0:32  Extractor, Drone  
  15  0:45  Hatchery  
  15  0:48  Drone  
  15  0:51  Drone  
  15  0:56  Drone  
  17  1:05  Extractor  
  16  1:12  Spawning Pool  
  16  1:14  Drone  
  16  1:18  Drone  
  17  1:29  Drone  
  18  1:38  Drone  
  19  1:49  Drone  
  20  1:58  Queen x2  
  20  2:00  Overlord, Zergling x2  
  25  2:09  Drone  
  25  2:10  Metabolic Boost  
  25  2:13  Drone  
  27  2:18  Drone  
  27  2:22  Drone  
  29  2:30  Drone  
  29  2:33  Drone  
  31  2:40  Hatchery  
  30  2:47  Queen  
  32  2:52  Overlord  
  32  2:55  Drone x2  
  34  3:00  Drone  
  34  3:04  Drone  
  36  3:11  Drone x3  
  36  3:12  Drone x3  
  42  3:22  Queen  
  42  3:23  Overlord  
  44  3:30  Drone  
  44  3:32  Spore Crawler  
  43  3:34  Drone  
  43  3:36  Overlord  
  43  3:39  Spore Crawler  
  43  3:40  Drone  
  44  3:41  Drone  
  45  3:52  Drone x2  
  45  3:53  Drone x3  
  45  3:55  Queen  
  50  3:59  Drone x4  
  56  4:05  Overlord, Drone x2  
  57  4:11  Overlord  
  54  4:25  Drone x4  
  54  4:26  Zergling x4  
  58  4:36  Drone x5  
  58  4:38  Extractor, Spore Crawler  
  62  4:39  Zergling x6, Roach Warren  
  62  4:40  Extractor  
  62  4:43  Lair  
  62  4:48  Zergling x4  
  62  4:49  Zergling x2  
  62  4:50  Drone x2  
  67  4:54  Drone  
  67  4:57  Drone x2  
  70  5:01  Overlord  
  70  5:05  Drone  
  70  5:06  Drone x3  
  73  5:12  Overlord x2  
  72  5:20  Roach x4  
  72  5:21  Roach  
  81  5:23  Overlord  
  81  5:29  Overlord  
  81  5:32  Overlord  
  81  5:33  Roach x2  
  85  5:36  Roach x3  
  85  5:39  Overlord  
  91  5:43  Roach x2  
  91  5:44  Roach  
  91  5:46  Overlord  
  97  5:52  Drone x4  
  97  5:56  Extractor, Evolution Chamber  
  99  5:57  Evolution Chamber  
  99  5:58  Hydralisk Den  
  99  5:59  Extractor  
  99  6:01  Drone x2  
  99  6:02  Drone  
  99  6:05  Drone x2  
  99  6:06  Drone x2  
  103  6:15  Roach x5  
  108  6:21  Roach  
  108  6:22  Roach x3  
  108  6:24  Overlord  
  114  6:27  Overlord  
  114  6:30  Roach  
  108  6:35  Queen  
  102  6:40  Roach x2  
  102  6:41  Roach x2  
  104  6:47  Zerg Missile Weapons Level 1, Zerg Ground Armor Level 1  
  104  6:49  Drone x2  
  107  6:54  Drone  
  107  6:55  Ravager  
  107  6:56  Extractor, Drone x3  
  110  7:03  Grooved Spines  
  110  7:04  Overlord  
  110  7:05  Overlord  
  110  7:06  Glial Reconstitution  
  110  7:08  Hatchery  
  109  7:19  Hydralisk x2  
  109  7:20  Hydralisk x2  
  117  7:26  Drone  
  117  7:28  Hydralisk  
  117  7:29  Hydralisk  
  122  7:32  Overlord, Hydralisk  
  124  7:38  Hatchery  
  124  7:40  Hydralisk  
  124  7:41  Hydralisk x2  
  129  7:47  Overseer  
  129  7:48  Pneumatized Carapace  
  129  7:50  Drone  
  132  7:51  Drone x7  
  132  7:54  Hydralisk x2  
  141  7:59  Zergling x2  
  141  8:00  Zergling x2  
  141  8:01  Hydralisk  
  141  8:02  Hydralisk  
  146  8:18  Hydralisk x2  
  146  8:19  Hydralisk  
  154  8:20  Roach x2  
  154  8:21  Muscular Augments, Overlord x2  
  149  8:31  Roach x5  
  147  8:39  Hydralisk x4  
  151  8:46  Hydralisk x2  
  155  8:53  Queen  
  157  9:01  Hydralisk  
  157  9:02  Hydralisk x4  
  163  9:08  Roach x3  
  163  9:09  Roach  
  175  9:26  Ravager  
  175  9:28  Hydralisk  
  178  9:34  Extractor, Drone x2  
  178  9:35  Extractor, Drone x4  
  178  9:37  Hydralisk x2  
  178  9:38  Roach x2  
  190  9:41  Overseer  
  190  9:45  Hatchery  
  188  9:58  Hydralisk x5  
  188  9:59  Hydralisk  
  173  10:40  Hydralisk  
  173  10:41  Hydralisk x11  
  168  10:47  Hydralisk x5  
  155  10:52  Roach  
  155  10:53  Roach x4  
  157  11:00  Hydralisk x3  
  163  11:04  Hydralisk  
  163  11:05  Hydralisk  
  163  11:08  Roach  
  163  11:10  Queen  
  171  11:11  Roach  
  171  11:12  Roach x2  
  171  11:16  Roach x2  
  181  11:24  Drone x3  
  182  11:26  Hydralisk  
  182  11:27  Hydralisk  
  182  11:29  Overlord  
  182  11:30  Overlord  
  186  11:45  Roach  
  186  11:46  Roach  
  190  11:49  Queen  
  190  11:53  Roach x4  
  200  12:01  Roach x2  
  196  12:11  Hydralisk x2  
Show
View Real Time Build Order
Export as new Build Order

PtitDrogo Protoss 

Build Orders: 1 Gate Expand, Oracle Opening, Phoenix Opening, Archon Immortal, Zealot Archon, Archon Drop 

Get SALT Encoding   

  12  0:00  Probe  
  13  0:12  Probe  
  14  0:19  Pylon  
  14  0:25  Probe  
  15  0:33  Probe  
  15  0:41  Probe  
  16  0:43  Gateway  
  16  0:48  Assimilator  
  17  0:51  Probe  
  18  1:04  Probe  
  19  1:16  Probe  
  20  1:23  Nexus  
  20  1:35  Cybernetics Core  
  20  1:37  Probe  
  21  1:42  Assimilator  
  21  1:49  Probe  
  21  1:51  Pylon  
  22  2:01  Probe  
  22  2:02  Adept  
  23  2:14  Probe  
  26  2:18  Stargate  
  26  2:25  Probe  
  27  2:30  Adept  
  27  2:31  Probe  
  27  2:33  Warp Gate, Probe  
  30  2:39  Probe  
  30  2:41  Probe  
  32  2:49  Probe  
  33  2:51  Gateway  
  33  2:56  Phoenix  
  34  3:02  Probe  
  34  3:05  Probe  
  38  3:12  Pylon  
  38  3:14  Probe  
  38  3:17  Probe  
  38  3:18  Oracle  
  40  3:26  Probe  
  44  3:29  Adept  
  44  3:34  Probe  
  44  3:37  Assimilator  
  44  3:38  Probe  
  44  3:39  Assimilator  
  46  3:44  Robotics Facility  
  46  3:47  Probe  
  47  3:50  Probe  
  48  3:59  Probe  
  48  4:02  Twilight Council, Probe  
  50  4:11  Pylon, Probe  
  50  4:14  Probe  
  52  4:22  Charge  
  52  4:24  Warp Prism  
  52  4:33  Gateway x2  
  52  4:34  Gateway  
  52  4:36  Probe x2  
  52  4:37  Gateway  
  56  4:39  Zealot  
  56  4:44  Templar Archives  
  58  4:54  Pylon  
  58  5:10  Nexus  
  58  5:12  Zealot x2  
  62  5:16  Pylon  
  62  5:20  Shield Battery  
  62  5:24  Pylon  
  62  5:32  High Templar x3  
  62  5:33  High Templar  
  70  5:36  Zealot x2, Archon  
  70  5:37  Archon  
  70  5:41  Probe  
  70  5:42  Probe  
  76  5:43  Pylon  
  76  5:50  Observer  
  76  5:52  Pylon  
  77  6:01  Zealot x2  
  77  6:03  Immortal  
  81  6:13  Zealot x4  
  81  6:17  Probe  
  90  6:26  Zealot x2  
  84  6:35  Immortal  
  84  6:36  Zealot x2  
  78  6:42  Probe  
  78  6:46  Probe x2  
  81  6:49  Sentry x4  
  90  6:54  Probe  
  90  6:56  Sentry x2  
  90  6:58  Probe  
  95  7:03  Immortal, Probe  
  95  7:07  Forge  
  96  7:09  Probe  
  96  7:14  Probe  
  102  7:15  Probe  
  102  7:16  Pylon  
  102  7:21  Probe  
  104  7:26  Probe  
  104  7:27  Probe  
  106  7:30  Assimilator  
  106  7:31  Assimilator  
  106  7:33  Probe  
  106  7:34  Immortal, Probe  
  106  7:35  Probe  
  107  7:38  Protoss Ground Weapons Level 1  
  107  7:42  Probe  
  107  7:43  Probe  
  113  7:45  Probe  
  113  7:48  High Templar x2, Pylon  
  113  7:49  Zealot, Pylon  
  122  7:53  Probe, Archon  
  122  7:54  Probe  
  122  7:57  Probe  
  125  7:59  Pylon  
  125  8:07  Psionic Storm  
  125  8:09  Probe  
  126  8:14  Immortal  
  126  8:16  Zealot x4  
  138  8:20  Zealot x2  
  118  8:37  Zealot x6  
  128  8:53  Immortal  
  128  8:55  Gateway x2  
  132  8:58  Zealot x4  
  132  9:05  High Templar x5  
  142  9:12  Nexus  
  142  9:15  Photon Cannon  
  142  9:16  Photon Cannon  
  142  9:24  Pylon  
  142  9:27  Pylon  
  142  9:29  Immortal, Zealot  
  145  9:40  Probe  
  145  9:41  Photon Cannon  
  145  9:42  Probe  
  145  9:45  Gateway  
  147  9:46  High Templar  
  147  9:47  Zealot, High Templar x3  
  147  9:48  Gateway  
  157  9:53  Archon x2  
  156  10:02  Observer  
  156  10:04  Probe x2  
  156  10:05  Photon Cannon x2  
  156  10:07  Assimilator, Pylon x2  
  158  10:11  Assimilator  
  157  10:14  Zealot x4  
  157  10:34  Zealot x4  
  157  10:35  Zealot  
  131  10:43  Archon  
  131  10:44  Archon  
  131  10:46  Zealot x3  
  117  10:50  Immortal  
  101  10:58  Zealot x2  
  101  10:59  Zealot x3  
  103  11:07  High Templar x5  
  108  11:21  High Templar  
  108  11:22  High Templar x3  
  116  11:25  Archon  
  116  11:26  Archon  
  116  11:30  Nexus  
  116  11:31  Immortal  
  120  11:33  Pylon  
  119  11:41  Zealot x2  
  119  11:42  Zealot x4  
  131  11:54  Zealot x4  
  139  12:04  Zealot x6  
  135  12:19  Archon  
  135  12:20  Zealot x3, Archon  
  127  12:24  Zealot x5  
Tags
 
Add a new tag
Caveats
  • Supply blocks, unpowered buildings, or Contaminate may cause inaccurate times.
  • Supply counts are checked every 10 seconds.